 Dungeon Crawl Stone Soup version 0.17.2-1-ge4368a0 (webtiles) character file.

9 Goblin1989 the Vexing (level 2, -5/21 HPs)
             Began as a Human Enchanter on Jan 7, 2017.
             Slain by Duvessa
             ... wielding a +0 short sword
              (7 damage)
             ... on level 4 of the Dungeon.
             The game lasted 00:04:08 (457 turns).

Goblin1989 the Vexing (Human Enchanter)              Turns: 457, Time: 00:04:09

Health: -5/21      AC:  8    Str:  8    XL:     2   Next: 25%
Magic:  5/5        EV:  3    Int: 15    God:
Gold:   61         SH:  0    Dex: 13    Spells: 1 memorised, 4 levels left

rFire  . . .     SeeInvis .     e - +0 hand axe
rCold  . . .     Clarity  .     i - +0 chain mail
rNeg   . . .     SustAt   .     (no shield)
rPois  .         Gourm    .     (no helmet)
rElec  .         Spirit   .     (no cloak)
rCorr  .         Warding  .     (no gloves)
rMut   .         Stasis   .     (no boots)
MR     .....                    (no amulet)
Stlth  ..........               (no ring)
                                (no ring)

@: not resistant to hostile enchantments, extremely unstealthy
A: no striking features
a: no special abilities


You were on level 4 of the Dungeon.
You were not hungry.

You visited 1 branch of the dungeon, and saw 5 of its levels.

You collected 61 gold pieces.

Inventory:

Hand Weapons
 a - a +1 dagger
 e - a +0 hand axe (weapon)
Armour
 b - a +1 robe
 i - a +0 chain mail (worn)
Scrolls
 h - a scroll of enchant weapon {unknown}
 j - a scroll of teleportation {unknown}
 k - a scroll of recharging {unknown}
Books
 c - a book of Maledictions

   Spells                             Type                      Level
   a - Corona                         Hexes                        1
   b - Ensorcelled Hibernation        Hexes/Ice                    2
   c - Confuse                        Hexes                        3
   d - Tukima's Dance                 Hexes                        3
   e - Dazzling Spray                 Conjuration/Hexes            3
Comestibles
 d - 2 bread rations {@e1}
 f - a meat ration {@e2}


   Skills:
 + Level 1.1 Fighting
 - Level 1.0 Short Blades
 * Level 1.0 Axes
 + Level 0.2 Armour
 - Level 2.0 Dodging
 - Level 3.0 Stealth
 - Level 2.0 Spellcasting
 - Level 3.0 Hexes


You had 4 spell levels left.
You knew the following spells:

 Your Spells              Type           Power        Failure   Level  Hunger
a - Corona                Hex            ##.....      100%        1    #......


Dungeon Overview and Level Annotations

Branches:
Dungeon (5/15)
 Temple: D:4-7

Altars:
Xom

Annotations:
D:3 Goblin1989's ghost, amateur KoEE
D:4 exclusion: downstairs, Dowan; Duvessa


Message History

You take 4 damage, and have 1/21 hp.
You closely miss Duvessa.
Duvessa is lightly wounded.
You hit Dowan.
Dowan is heavily wounded.
Dowan hits you but does no damage. Duvessa hits you but does no damage.
Dowan hits you but does no damage.
Your chain mail prevents you from hitting Duvessa.
Duvessa is lightly wounded.
You closely miss Dowan.
Dowan is heavily wounded.
Dowan hits you but does no damage. Duvessa hits you but does no damage.
Unknown command.
You hit Duvessa but do no damage.
Duvessa is lightly wounded.
You hit Dowan but do no damage.
Dowan is heavily wounded.
Dowan hits you but does no damage. x2
Duvessa hits you with a short sword!
You die... █.███.█ ..... ......█ ... █.█████ █▲█ █.█ ██e█████

█.█████ █......█ ......█
█.)███e█ ..███.███...██.█
..█ █.██.....█.████████.█
..█ █.███...██.e@e......█
..███.███..██████████████
..........██ ......█████


███████ You could see Duvessa and Dowan.

Vanquished Creatures
  A bat (D:2)
  A giant cockroach (D:3)
  2 goblins
  A hobgoblin (D:3)
  3 kobolds
  2 rats
10 creatures vanquished.

Notes
Turn   | Place    | Note
--------------------------------------------------------------
     0 | D:1      | Goblin1989 the Human Enchanter began the quest for the Orb.
     0 | D:1      | Reached XP level 1. HP: 13/13 MP: 3/3
   103 | D:3      | Reached skill level 1 in Fighting
   110 | D:3      | Noticed Goblin1989's ghost (amateur KoEE)
   223 | D:2      | Reached XP level 2. HP: 21/21 MP: 5/5
   287 | D:3      | Reached skill level 1 in Axes
   336 | D:3      | Found a shimmering altar of Xom.
   390 | D:5      | Entered Level 5 of the Dungeon
   438 | D:4      | Noticed Duvessa
   438 | D:4      | Noticed Dowan
   454 | D:4      | HP: 1/21 [Dowan/puff of flame (4)]
   457 | D:4      | Slain by Duvessa

Action                   || total
-------------------------++-------
Melee: Hand axe          ||    35
       Dagger            ||     3
  Use: Potion            ||     1
 Stab: Sleeping          ||     3

Vault maps used:
D:1:      erik_arrival_gehennom, hex_large
D:2:      gammafunk_temple_overflow_statue, bloody_makhleb
D:3:      old_standard_altar, uniq_crazy_yiuf_cottage
D:4:      serial_shops, nicolae_shop_crystal, nicolae_shop_behind_doors,
          nicolae_shop_competitors_out_of_business, first_bread,
          serial_bayou_lake_a, uniq_duvessa, uniq_edmund
D:5:      lemuel_round_altar, nicolae_overflow_hidden_temple,
          overflow_temple_1_default
